AoeStats
← CapitanGarfio

Arabia

509029335Analyzed
1v1 RM · 7d ago on Sep 25, 2026· 139m 0s· 2 players
Game mode
Random Map
Map size
Tiny (2 player)
Population
200
Speed
Normal
Resources
Standard
Victory
Conquest
Starting age
Dark Age
Ending age
Imperial Age
RankedLock teamsTeams togetherTeam positionsShared explorationLock speedFull tech treeHidden civsTurbo modeCheats
Victory
Defeat
🇲🇽 Italians · Mexico
422
+15
🇲🇽 Saracens · Mexico
400
-15
KverFernap
0:38 Loom
12:08 Feudal Age
12:32 Horse Collar
12:41 Double-Bit Axe
14:49 Wheelbarrow
14:03 Town Watch
14:56 Wheelbarrow
24:07 Castle Age
22:10 Man-at-Arms
22:44 Fletching
23:04 Gold Mining
23:19 Stone Mining
23:49 Padded Archer Armor
24:38 Scale Mail Armor
24:48 Heavy Plow
26:57 Bodkin Arrow
26:28 Crossbowman
27:44 Forging
27:47 Gambesons
28:03 Squires
29:34 Ballistics
29:25 Murder Holes
31:00 Leather Archer Armor
31:02 Fervor
31:41 Thumb Ring
32:47 Gold Shaft Mining
32:27 Bow Saw
33:52 Masonry
35:35 Hand Cart
35:06 Long Swordsman
36:28 Arson
40:23 Imperial Age
37:33 Elite Skirmisher
37:40 Pikeman
38:41 Chain Mail Armor
42:05 Two-Man Saw
41:18 Town Patrol
41:11 Arbalester
41:14 Two-Handed Swordsman
42:45 Capped Ram
44:53 Iron Casting
45:32 Chemistry
44:58 Arrowslits
45:33 Champion
46:38 Bracer
47:11 Conscription
49:34 Blast Furnace
49:06 Ring Archer Armor
50:40 Siege Ram
51:53 Plate Mail Armor
51:57 Fortified Wall
58:13 Counterweights
58:40 Hoardings
58:14 Scale Barding Armor
58:31 Siege Engineers
59:48 Chain Barding Armor
59:43 Elite Mameluke
64:35 Bimaristan
65:05 Plate Barding Armor
66:41 Heavy Camel Rider
67:22 Husbandry
67:33 Bloodlines
121:05 Light Cavalry
128:40 Hussar
CapitanGarfio
2:50 Loom
12:16 Feudal Age
14:58 Wheelbarrow
14:08 Town Watch
15:31 Horse Collar
16:40 Gold Mining
16:41 Double-Bit Axe
18:21 Bloodlines
24:26 Castle Age
23:35 Stone Mining
26:26 Stone Shaft Mining
25:55 Town Patrol
26:31 Light Cavalry
28:12 Bow Saw
27:47 Pikeman
28:28 Squires
28:21 Fletching
28:31 Padded Archer Armor
29:11 Heavy Plow
31:57 Hand Cart
31:57 Bodkin Arrow
32:17 Leather Archer Armor
32:12 Forging
32:02 Scale Mail Armor
32:08 Scale Barding Armor
38:01 Imperial Age
37:38 Iron Casting
37:18 Chain Mail Armor
39:06 Silk Road
44:15 Elite Genoese Crossbowman
45:06 Pirotechnia
49:28 Two-Man Saw
49:32 Blast Furnace
49:02 Plate Mail Armor
49:02 Ring Archer Armor
48:33 Bracer
48:55 Chain Barding Armor
49:10 Crop Rotation
48:12 Hussar
69:09 Elite Skirmisher
74:26 Chemistry
73:47 Ballistics
73:18 Heated Shot
73:08 Treadmill Crane
73:39 Masonry
76:22 Plate Barding Armor
76:06 Onager
Connection lost

Rejoining the realm…

Still unreachable

The connection could not be restored.

Session expired

The server has moved on; the page needs a fresh start.